[Event "December 19 Early 2023"]
[Site "https://www.chess.com"]
[Date "2023.12.19"]
[Round "10"]
[White "Clawitter, Craig"]
[Black "Levine, David"]
[Result "0-1"]
[Board "144"]
[TimeControl "180+1"]
[WhiteFideId "2023105"]
[BlackFideId "2011611"]
[WhiteElo "2249"]
[BlackElo "2041"]
[WhiteTeam "USA"]
[BlackTeam "USA"]
[WhiteClock "0:00:09"]
[BlackClock "0:01:56"]

1. e4 e5 2. Nf3 Nc6 3. Nc3 Nf6 4. d4 exd4 5. Nxd4 Bb4 6. Nxc6 bxc6 7. Bd3 d5 8. exd5 cxd5 9. O-O O-O 10. h3 c6 11. Qf3 Bd6 12. Bg5 Rb8 13. b3 Be5 14. Bd2 c5 15. Rae1 Bc7 16. Bg5 Be6 17. Nb5 Ba5 18. Bxf6 Qxf6 19. Qxf6 gxf6 20. Re3 c4 21. Rg3+ Kh8 22. bxc4 dxc4 0-1

[Event "December 19 Early 2023"]
[Site "https://www.chess.com"]
[Date "2023.12.19"]
[Round "10"]
[White "Cramling Bellon, Anna"]
[Black "Igel2023"]
[Result "1-0"]
[Board "145"]
[TimeControl "180+1"]
[WhiteFideId "32009232"]
[WhiteElo "1976"]
[BlackElo "2226"]
[WhiteTeam "SWE"]
[WhiteClock "0:01:09"]
[BlackClock "0:00:11"]

1. d4 Nf6 2. c4 c5 3. d5 e5 4. Nc3 d6 5. e4 Be7 6. g3 O-O 7. Bg2 a6 8. a4 Ne8 9. Nge2 Bg5 10. O-O Bxc1 11. Qxc1 f5 12. f4 Nd7 13. exf5 Rxf5 14. Bh3 Rf8 15. Be6+ Kh8 16. fxe5 Qe7 17. Bxd7 Bxd7 18. Qg5 Nf6 19. exf6 gxf6 20. Qh6 Be8 21. Rae1 1-0

[Event "December 19 Early 2023"]
[Site "https://www.chess.com"]
[Date "2023.12.19"]
[Round "10"]
[White "Rose, Felix"]
[Black "Mende, Andreas"]
[Result "0-1"]
[Board "146"]
[TimeControl "180+1"]
[WhiteFideId "5105722"]
[BlackFideId "4631102"]
[WhiteElo "2039"]
[BlackElo "2084"]
[WhiteTeam "MEX"]
[BlackTeam "GER"]
[WhiteClock "0:00:11"]
[BlackClock "0:00:04"]

1. d4 Nf6 2. Bf4 g6 3. Nc3 d5 4. h4 h6 5. f3 c5 6. e3 cxd4 7. exd4 Nc6 8. Qd2 Bg7 9. O-O-O Be6 10. g4 Rc8 11. Nh3 Qa5 12. Be2 Nb4 13. Kb1 Rxc3 14. Qxc3 Qxa2+ 15. Kc1 Qa4 16. Kd2 O-O 17. Ra1 Na2 18. Qa3 Qxd4+ 19. Bd3 Qb4+ 20. c3 Qxa3 21. bxa3 d4 22. Rxa2 Bxa2 23. c4 b5 24. cxb5 Bd5 25. Rf1 Nd7 26. a4 e5 27. Bg3 f5 28. gxf5 gxf5 29. Rc1 e4 30. fxe4 fxe4 31. Rc7 Rf3 32. Bc4 Bxc4 33. Rxd7 Rxg3 34. Nf4 Rf3 35. Nd5 Bxd5 36. Rxd5 Rf2+ 37. Ke1 e3 38. a5 Ra2 39. a6 Rb2 40. h5 Kh7 41. Rd7 Rxb5 42. Rxa7 Rxh5 43. Rd7 Ra5 44. a7 Ra2 45. Kd1 h5 46. Ke1 h4 47. Kf1 h3 48. Kg1 e2 49. Kf2 h2 50. a8=Q Rxa8 51. Kxe2 h1=Q 52. Rxd4 Qg2+ 53. Kd3 Bxd4 54. Kc4 Qe2+ 55. Kd5 Rd8+ 56. Kc6 Qc2+ 57. Kb7 Rd5 58. Kb8 Rc5 59. Kb7 Qb3+ 60. Ka8 Ra5# 0-1

[Event "December 19 Early 2023"]
[Site "https://www.chess.com"]
[Date "2023.12.19"]
[Round "10"]
[White "Pein, Jonathan"]
[Black "Olcayoz, Gizem"]
[Result "1-0"]
[Board "148"]
[TimeControl "180+1"]
[WhiteFideId "417092"]
[BlackFideId "6301444"]
[WhiteElo "2130"]
[BlackElo "1856"]
[WhiteTeam "ENG"]
[BlackTeam "TUR"]
[WhiteClock "0:00:04"]
[BlackClock "0:00:00"]

1. b3 e5 2. Bb2 Nc6 3. e3 Bd6 4. d4 Nf6 5. Nf3 e4 6. Nfd2 O-O 7. c4 Be7 8. Nc3 d6 9. Ncxe4 Bf5 10. Ng3 Bg6 11. a3 h5 12. Be2 h4 13. Nh5 d5 14. Nf4 Bf5 15. h3 Re8 16. Bf3 dxc4 17. bxc4 g5 18. Nd5 Nxd5 19. Bxd5 Bf6 20. Qf3 Bg6 21. O-O Rb8 22. Ne4 Bg7 23. Bc3 Ne7 24. Nxg5 Nxd5 25. Qxd5 Qxd5 26. cxd5 Bf6 27. Nf3 Red8 28. Rfe1 Rxd5 29. e4 Rdd8 30. Rac1 Bh5 31. d5 Be7 32. Nd4 Bxa3 33. Rb1 b6 34. Nc6 Bc5 35. Bf6 Re8 36. Nxb8 Rxb8 37. Bxh4 Re8 38. g4 Bg6 39. Rb2 Bxe4 40. Rbe2 f5 41. gxf5 Be7 42. Rxe4 Bxh4 43. Rxe8+ Kf7 44. R8e6 a5 45. Rc1 Bd8 46. d6 c5 47. Rb1 a4 48. Kf1 a3 49. Ra1 1-0

[Event "December 19 Early 2023"]
[Site "https://www.chess.com"]
[Date "2023.12.19"]
[Round "10"]
[White "Navyblue1"]
[Black "Gruzman, Ilya"]
[Result "1-0"]
[Board "149"]
[TimeControl "180+1"]
[BlackFideId "2812703"]
[WhiteElo "2063"]
[BlackElo "1986"]
[BlackTeam "ISR"]
[WhiteClock "0:00:22"]
[BlackClock "0:00:18"]

1. d4 d5 2. c4 e6 3. Nf3 Nf6 4. Nc3 Ke7 5. Bg5 Kd7 6. Ne5+ Ke8 7. cxd5 exd5 8. Bxf6 gxf6 9. Nd3 Nc6 10. e3 Bf5 11. Be2 Bd6 12. Bf3 Nb4 13. Nxb4 Bxb4 14. Qa4+ Qd7 15. Qxb4 c6 16. Qb3 Rg8 17. O-O-O a5 18. e4 Be6 19. exd5 cxd5 20. Qb5 Qxb5 21. Nxb5 Kd7 22. Nc3 Kd6 23. a4 Rac8 24. Kd2 Rc4 25. Ke2 Re8 26. Kf1 Rb4 27. Rd2 Rc8 28. Be2 Bf5 29. f3 Re8 30. Kf2 Bg6 31. Rc1 Rc8 32. f4 h5 33. Nb5+ Rxb5 34. Rxc8 Rb4 35. Rd8+ Ke7 36. Rc8 Rxa4 37. Rc7+ Kf8 38. Rxb7 Ra1 39. Rb5 Be4 40. Bf3 f5 41. Bxe4 fxe4 42. Rxd5 Rh1 43. Re5 Rxh2 44. Rxe4 Rh1 45. f5 h4 46. Rg4 h3 47. gxh3 Rxh3 48. Kg2 Rb3 49. Rf4 a4 50. d5 a3 51. bxa3 Rxa3 52. d6 Ke8 53. Re4+ Kd8 54. d7 1-0

[Event "December 19 Early 2023"]
[Site "https://www.chess.com"]
[Date "2023.12.19"]
[Round "10"]
[White "Larina, Maria"]
[Black "Dominguez Rincon, Miller Duvan"]
[Result "0-1"]
[Board "150"]
[TimeControl "180+1"]
[WhiteFideId "24113182"]
[BlackFideId "4406583"]
[WhiteElo "1848"]
[BlackElo "1960"]
[WhiteTeam "FID"]
[BlackTeam "COL"]
[WhiteClock "0:00:22"]
[BlackClock "0:00:54"]

1. e4 e5 2. Nf3 Nc6 3. Nc3 Nf6 4. Bb5 Bb4 5. O-O O-O 6. d3 d6 7. Ne2 Ne7 8. c3 Ba5 9. Ng3 Ng6 10. d4 c6 11. Ba4 h6 12. Bc2 Re8 13. h3 Be6 14. Kh2 Qc7 15. b4 Bb6 16. a4 a5 17. Be3 Rad8 18. Qe2 d5 19. dxe5 Nxe4 20. Bxb6 Qxb6 21. Nxe4 dxe4 22. Qxe4 Bd5 23. Qf5 Bxf3 24. Qxf3 Nxe5 25. Qf4 axb4 26. cxb4 Rd4 27. Qf5 g6 28. Qf6 Re6 29. a5 Qc7 30. Qxe6 fxe6 31. Rae1 Nf3+ 32. Kh1 Qh2# 0-1

[Event "December 19 Early 2023"]
[Site "https://www.chess.com"]
[Date "2023.12.19"]
[Round "10"]
[White "Chemin, Justo Reinaldo"]
[Black "Bogumil, Tatiana"]
[Result "1-0"]
[Board "151"]
[TimeControl "180+1"]
[WhiteFideId "2101580"]
[BlackFideId "4110579"]
[WhiteElo "1940"]
[BlackElo "1853"]
[WhiteTeam "BRA"]
[BlackTeam "RUS"]
[WhiteClock "0:00:18"]
[BlackClock "0:00:00"]

1. e4 e6 2. d4 d5 3. Nc3 dxe4 4. Nxe4 Bd7 5. Nf3 Bc6 6. Bd3 Nd7 7. Qe2 Ngf6 8. Neg5 Qe7 9. Ne5 Nxe5 10. dxe5 Nd7 11. f4 h6 12. Ne4 Nc5 13. Nxc5 Qxc5 14. Be3 Qd5 15. O-O Bc5 16. Bxc5 Qxc5+ 17. Qf2 Qxf2+ 18. Kxf2 g6 19. g3 h5 20. h4 O-O-O 21. Ke3 Rd7 22. Rfd1 Rhd8 23. Be2 a5 24. Rxd7 Rxd7 25. Rg1 a4 26. a3 b5 27. g4 hxg4 28. Rxg4 Kb7 29. h5 gxh5 30. Rh4 Kb6 31. Rxh5 Rd8 32. Rh7 Rf8 33. Bh5 f6 34. Bf7 fxe5 35. fxe5 Bd5 36. Kf4 Kc5 37. Kg5 Kd4 38. Kf6 c5 39. Ke7 Rb8 40. Kf6 b4 41. Rh4+ Ke3 42. Rh3+ Kd2 43. Rh2+ Kc1 44. Ke7 bxa3 45. bxa3 Kb2 46. c4+ 1-0

[Event "December 19 Early 2023"]
[Site "https://www.chess.com"]
[Date "2023.12.19"]
[Round "10"]
[White "Arshiya Das"]
[Black "Zepeda Berlanga, Jan Enrique"]
[Result "1-0"]
[Board "152"]
[TimeControl "180+1"]
[WhiteFideId "25652150"]
[BlackFideId "5132355"]
[WhiteElo "1481"]
[BlackElo "1680"]
[WhiteTeam "IND"]
[BlackTeam "MEX"]
[WhiteClock "0:00:59"]
[BlackClock "0:00:54"]

1. e4 c5 2. Nf3 d6 3. d4 cxd4 4. Nxd4 Nf6 5. Nc3 Nc6 6. f4 e6 7. Nf3 Be7 8. Bd3 O-O 9. O-O Qb6+ 10. Kh1 d5 11. e5 Ng4 12. Qe1 f5 13. exf6 Nxf6 14. Ne5 Bb4 15. a3 Bxc3 16. bxc3 Qc7 17. Nf3 Bd7 18. Ng5 Rae8 19. Qh4 h6 20. Nf3 Ne7 21. Ne5 Qxc3 22. Rb1 Qc7 23. Bb2 Nf5 24. Bxf5 exf5 25. Qf2 Be6 26. Rfc1 a6 27. Qd4 Qc4 28. Nxc4 1-0

[Event "December 19 Early 2023"]
[Site "https://www.chess.com"]
[Date "2023.12.19"]
[Round "10"]
[White "Bushonica"]
[Black "Demina, Marya"]
[Result "0-1"]
[Board "153"]
[TimeControl "180+1"]
[BlackFideId "4195671"]
[WhiteElo "1937"]
[BlackElo "1978"]
[BlackTeam "RUS"]
[WhiteClock "0:00:55"]
[BlackClock "0:01:03"]

1. e4 c6 2. d4 d5 3. exd5 cxd5 4. Bd3 Nf6 5. c3 Nc6 6. Bf4 Bg4 7. Qb3 Qc8 8. Nd2 e6 9. Ngf3 Be7 10. O-O O-O 11. h3 Bh5 12. Rae1 a6 13. Ne5 Nxe5 14. Bxe5 Bg6 15. Bxg6 hxg6 16. f4 b5 17. a3 Ra7 18. Kh1 Rb7 19. Qd1 a5 20. Qf3 b4 21. axb4 axb4 22. g4 bxc3 23. bxc3 Rb2 24. Qd3 Qb7 25. Rb1 Rc8 26. f5 gxf5 27. gxf5 exf5 28. Rxb2 Qxb2 29. Qxf5 Rxc3 30. Nf3 Qe2 31. Kg1 Ne4 32. Qg4 g6 33. h4 Qe3+ 34. Kg2 Rc2+ 35. Kh3 Nf2+ 36. Rxf2 Qxf2 37. Bh2 Qf1+ 38. Kg3 Rg2+ 0-1

[Event "December 19 Early 2023"]
[Site "https://www.chess.com"]
[Date "2023.12.19"]
[Round "10"]
[White "SulfatoFerroso"]
[Black "Brandao, Marcius Gomes"]
[Result "1-0"]
[Board "154"]
[TimeControl "180+1"]
[BlackFideId "2124980"]
[WhiteElo "1928"]
[BlackElo "2088"]
[BlackTeam "BRA"]
[WhiteClock "0:01:09"]
[BlackClock "0:00:08"]

1. e4 c5 2. d4 cxd4 3. c3 Nf6 4. e5 Nd5 5. cxd4 d6 6. f4 dxe5 7. fxe5 Nc6 8. Nf3 Bg4 9. Nc3 e6 10. Bb5 Bb4 11. O-O O-O 12. Bxc6 Nxc3 13. bxc3 Bxc3 14. Bxb7 Bxa1 15. Bxa8 Qxa8 16. Ba3 Bc3 17. Bxf8 Qxf8 18. Qb3 Bxf3 19. Qxc3 Bd5 20. a4 h6 21. Rc1 Kh7 22. Qd3+ g6 23. Rc7 Qb8 24. Rxf7+ 1-0

[Event "December 19 Early 2023"]
[Site "https://www.chess.com"]
[Date "2023.12.19"]
[Round "10"]
[White "Santos, Isaque Goncalves"]
[Black "Nikulina, Alena"]
[Result "1-0"]
[Board "155"]
[TimeControl "180+1"]
[WhiteFideId "2103885"]
[BlackFideId "4172051"]
[WhiteElo "1901"]
[BlackElo "1627"]
[WhiteTeam "BRA"]
[BlackTeam "RUS"]
[WhiteClock "0:00:30"]
[BlackClock "0:00:01"]

1. d4 d5 2. c4 dxc4 3. Nc3 a6 4. a4 Nf6 5. Nf3 e6 6. e3 c5 7. Bxc4 Nc6 8. dxc5 Qxd1+ 9. Nxd1 Bxc5 10. O-O Nb4 11. Bd2 Nbd5 12. Ne5 O-O 13. Nd3 Be7 14. Nc3 Nxc3 15. Bxc3 b6 16. Bd4 Rb8 17. Be5 Ra8 18. Bc7 Bd8 19. Bd6 Re8 20. f3 Bb7 21. e4 Be7 22. Bc7 Bd8 23. Bg3 Rc8 24. Rfc1 Bc7 25. Bf2 Red8 26. Nb4 a5 27. Na2 Rd2 28. Rab1 Nd7 29. Be3 Rd6 30. Nc3 Ne5 31. Bf1 Rdd8 32. Nb5 Bb8 33. Bxb6 Rxc1 34. Rxc1 Rd2 35. Bxa5 Rxb2 36. Bc3 Ra2 37. Ra1 Rxa1 38. Bxa1 f6 39. Bc3 Ba6 40. Nd4 Kf7 41. Bxa6 1-0

[Event "December 19 Early 2023"]
[Site "https://www.chess.com"]
[Date "2023.12.19"]
[Round "10"]
[White "Ghosh, Chanchal Kumer"]
[Black "Vargas, Mauricio"]
[Result "0-1"]
[Board "156"]
[TimeControl "180+1"]
[WhiteFideId "10201858"]
[BlackFideId "4404572"]
[WhiteElo "2067"]
[BlackElo "1982"]
[WhiteTeam "BAN"]
[BlackTeam "COL"]
[WhiteClock "0:00:00"]
[BlackClock "0:01:50"]

1. e4 d5 2. exd5 Qxd5 3. Nc3 Qa5 4. d4 c6 5. Nf3 Nf6 6. Bc4 Bg4 7. Bd2 Qc7 8. Qe2 e6 9. h3 Bf5 10. O-O Bd6 11. Bg5 Nbd7 12. Rfe1 O-O 13. Nh4 Bg6 14. Nxg6 hxg6 15. Ne4 Nxe4 16. Qxe4 Rae8 17. Bb3 Nf6 18. c4 Nxe4 19. Rxe4 e5 20. dxe5 Rxe5 0-1

[Event "December 19 Early 2023"]
[Site "https://www.chess.com"]
[Date "2023.12.19"]
[Round "10"]
[White "Zainullina, Nataliya"]
[Black "Seletsky, Grigory"]
[Result "1-0"]
[Board "158"]
[TimeControl "180+1"]
[WhiteFideId "4145488"]
[BlackFideId "14112191"]
[WhiteElo "2187"]
[BlackElo "2482"]
[WhiteTeam "RUS"]
[BlackTeam "UKR"]
[WhiteClock "0:00:20"]
[BlackClock "0:00:28"]

1. e4 c6 2. Nc3 d5 3. Nf3 Bg4 4. exd5 cxd5 5. Bb5+ Nc6 6. h3 Bxf3 7. Qxf3 e6 8. O-O Bd6 9. Ne2 Ne7 10. d4 O-O 11. c3 Ng6 12. Bxc6 bxc6 13. Nf4 Bxf4 14. Bxf4 Qf6 15. Bd6 Qxf3 16. gxf3 Rfd8 17. Bg3 f5 18. Be5 Nh4 19. f4 Nf3+ 20. Kg2 Nxe5 21. fxe5 a5 22. b3 Rdb8 23. Rfb1 Rb5 24. a4 Rb6 25. b4 Rab8 26. Kf3 axb4 27. cxb4 Rxb4 28. Rxb4 Rxb4 29. a5 Rb7 30. Ke3 Kf7 31. Kd3 Ke7 32. Kc3 Kd7 33. a6 Ra7 34. Kb4 g5 35. Ka5 Kc7 36. Rg1 h6 37. f4 Ra8 38. fxg5 Rg8 39. gxh6 Rh8 40. Rg7+ Kb8 41. Kb6 Ka8 42. h7 Rb8+ 43. Kxc6 Rc8+ 44. Kd7 1-0

[Event "December 19 Early 2023"]
[Site "https://www.chess.com"]
[Date "2023.12.19"]
[Round "10"]
[White "Mayaud, Raphael"]
[Black "Floresvillar Gonzalez, Luis Migu"]
[Result "0-1"]
[Board "159"]
[TimeControl "180+1"]
[WhiteFideId "627151"]
[BlackFideId "5100542"]
[WhiteElo "2191"]
[BlackElo "2040"]
[WhiteTeam "FRA"]
[BlackTeam "MEX"]
[WhiteClock "0:00:12"]
[BlackClock "0:00:16"]

1. d4 d5 2. Nf3 c6 3. c4 Nf6 4. Nc3 dxc4 5. a4 Bf5 6. e3 e6 7. Bxc4 Bd6 8. O-O Qc7 9. Re1 Ne4 10. Bd3 Nxc3 11. bxc3 Bxd3 12. Qxd3 Nd7 13. e4 e5 14. d5 O-O 15. Nh4 cxd5 16. exd5 g6 17. Bh6 Rfe8 18. c4 Rac8 19. Rac1 Nc5 20. Qf3 e4 21. Qg4 Nd3 22. Nf5 Bxh2+ 23. Kf1 Bf4 24. d6 Qd7 25. Ne7+ Rxe7 26. Qxd7 Rxd7 27. Bxf4 Nxf4 28. Rxe4 Ne6 29. Rd1 Rc6 30. f4 Rcxd6 31. Rde1 Rd1 32. f5 Rxe1+ 33. Kxe1 gxf5 34. Re5 f4 35. Ke2 Rd4 36. Rb5 b6 37. a5 Rxc4 38. axb6 axb6 39. Rxb6 Rc6 40. Rb8+ Kg7 41. Kf3 Rc3+ 42. Kf2 h5 43. Rb5 Kg6 44. Ra5 h4 45. Rb5 h3 46. gxh3 Rxh3 47. Ra5 Rh2+ 48. Kf3 Rh4 49. Rd5 Ng5+ 50. Kf2 f6 51. Kg2 f3+ 52. Kg3 Rh3+ 53. Kf2 Rh2+ 54. Kg1 Rg2+ 55. Kf1 Ra2 56. Rb5 Ne4 57. Rb3 Ra1+ 0-1

[Event "December 19 Early 2023"]
[Site "https://www.chess.com"]
[Date "2023.12.19"]
[Round "10"]
[White "Donatti, Alvaro"]
[Black "Sarkar, Justin"]
[Result "1-0"]
[Board "160"]
[TimeControl "180+1"]
[WhiteFideId "3000303"]
[BlackFideId "2010011"]
[WhiteElo "2138"]
[BlackElo "2138"]
[WhiteTeam "URU"]
[BlackTeam "USA"]
[WhiteClock "0:00:28"]
[BlackClock "0:00:00"]

1. e4 e5 2. Nf3 Nc6 3. Bb5 a6 4. Ba4 Nf6 5. O-O Be7 6. Re1 b5 7. Bb3 d6 8. c3 O-O 9. h3 Na5 10. Bc2 c5 11. d3 Nc6 12. Nbd2 Be6 13. Nf1 h6 14. Ng3 Re8 15. d4 cxd4 16. cxd4 exd4 17. Nxd4 Nxd4 18. Qxd4 Rc8 19. Bd3 d5 20. e5 Nd7 21. Nf5 Bf8 22. Qg4 g6 23. Qg3 Kh7 24. Nh4 Be7 25. Nxg6 Nc5 26. Nxe7+ 1-0

[Event "December 19 Early 2023"]
[Site "https://www.chess.com"]
[Date "2023.12.19"]
[Round "10"]
[White "Gulamirian, Korun"]
[Black "Saim, Mohamed Ilias"]
[Result "1-0"]
[Board "161"]
[TimeControl "180+1"]
[WhiteFideId "4144899"]
[BlackFideId "7900465"]
[WhiteElo "1621"]
[BlackElo "2063"]
[WhiteTeam "RUS"]
[BlackTeam "ALG"]
[WhiteClock "0:00:02"]
[BlackClock "0:00:00"]

1. e4 c6 2. Nc3 d5 3. Nf3 a6 4. exd5 cxd5 5. d4 Nc6 6. Be2 Bg4 7. O-O Nf6 8. h3 Bh5 9. Ne5 Bxe2 10. Nxe2 e6 11. Bg5 Be7 12. c3 Qc7 13. Bf4 Nxe5 14. Bxe5 Qb6 15. Qc2 Rc8 16. Nf4 O-O 17. Nd3 Ne4 18. f3 Nd6 19. Bg3 Nc4 20. Rfc1 Bd6 21. Bxd6 Qxd6 22. b3 Ne3 23. Qf2 Nf5 24. Ne5 Rc7 25. g4 Ne7 26. f4 Rfc8 27. Qe3 Ng6 28. Rc2 Qe7 29. Rac1 Qh4 30. Kg2 Qh6 31. Re2 Nh4+ 32. Kg3 b5 33. f5 Qf6 34. fxe6 fxe6 35. g5 Nf5+ 36. Kf2 Nxe3+ 37. gxf6 gxf6 38. Kxe3 fxe5 39. dxe5 Rxc3+ 40. Rxc3 Rxc3+ 41. Kd4 Rxh3 42. Kc5 Rh4 43. Kd6 Re4 44. Rf2 d4 45. Kxe6 d3 46. Rd2 Re2 47. Rxd3 Rxa2 48. Ke7 Rc2 49. Rg3+ Kh8 50. e6 Rc7+ 51. Kf6 Rc8 52. e7 a5 53. Rd3 a4 54. Rd8+ 1-0

[Event "December 19 Early 2023"]
[Site "https://www.chess.com"]
[Date "2023.12.19"]
[Round "11"]
[White "Carlsen, Magnus"]
[Black "Bortnyk, Olexandr"]
[Result "1/2-1/2"]
[Board "1"]
[TimeControl "180+1"]
[WhiteFideId "1503014"]
[BlackFideId "14120828"]
[WhiteElo "2887"]
[BlackElo "2731"]
[WhiteTeam "NOR"]
[BlackTeam "UKR"]
[WhiteClock "0:02:33"]
[BlackClock "0:02:16"]

1. e4 Nf6 2. e5 Nd5 3. Nf3 d6 4. d4 dxe5 5. Nxe5 c6 6. Bd3 Nd7 7. O-O Nxe5 8. dxe5 Nb4 9. Be4 Qxd1 10. Rxd1 g6 11. Na3 Bg7 12. c3 Nd5 13. Bxd5 cxd5 14. Bf4 1/2-1/2

[Event "December 19 Early 2023"]
[Site "https://www.chess.com"]
[Date "2023.12.19"]
[Round "11"]
[White "Nihal Sarin"]
[Black "Nakamura, Hikaru"]
[Result "1/2-1/2"]
[Board "2"]
[TimeControl "180+1"]
[WhiteFideId "25092340"]
[BlackFideId "2016192"]
[WhiteElo "2689"]
[BlackElo "2874"]
[WhiteTeam "IND"]
[BlackTeam "USA"]
[WhiteClock "0:01:10"]
[BlackClock "0:00:57"]

1. a3 g6 2. e4 c5 3. Nf3 Bg7 4. Nc3 Nc6 5. Bc4 d6 6. O-O Nf6 7. h3 O-O 8. d3 a6 9. Re1 b5 10. Ba2 e6 11. Bf4 Qc7 12. Qd2 Nd7 13. Rad1 Rb8 14. Bh6 b4 15. axb4 Rxb4 16. Bxg7 Kxg7 17. Ne2 Qb8 18. Rb1 a5 19. c3 Rb6 20. h4 h6 21. Ng3 Nce5 22. Nxe5 dxe5 23. Bc4 Ba6 24. Bxa6 Rxa6 25. Nf1 Rd6 26. Ne3 Rd8 27. Nc4 Ra6 28. Ra1 Nb6 29. Ne3 h5 30. g4 Rh8 31. Kg2 Qd8 32. g5 a4 33. Red1 Ra7 34. Qe2 Qe7 35. Qf3 Rb8 36. Rd2 Rd8 37. Rad1 Rad7 38. Qg3 Qd6 39. Qf3 Qe7 40. Qg3 Qd6 41. Qf3 Qe7 1/2-1/2

[Event "December 19 Early 2023"]
[Site "https://www.chess.com"]
[Date "2023.12.19"]
[Round "11"]
[White "Le, Tuan Minh"]
[Black "Rasulov, Vugar"]
[Result "1-0"]
[Board "3"]
[TimeControl "180+1"]
[WhiteFideId "12401153"]
[BlackFideId "13402390"]
[WhiteElo "2561"]
[BlackElo "2517"]
[WhiteTeam "VIE"]
[BlackTeam "AZE"]
[WhiteClock "0:00:05"]
[BlackClock "0:00:01"]

1. d4 Nf6 2. c4 e6 3. Nc3 c5 4. d5 exd5 5. cxd5 d6 6. Nf3 g6 7. Bf4 a6 8. a4 Bg7 9. h3 O-O 10. e3 Re8 11. Be2 Ne4 12. Nxe4 Rxe4 13. Nd2 Rxf4 14. exf4 Bxb2 15. Rb1 Bg7 16. O-O Nd7 17. Nc4 Qc7 18. Bf3 b5 19. axb5 axb5 20. Rxb5 Ba6 21. Qa4 Bxb5 22. Qxa8+ Bf8 23. Rc1 Bxc4 24. Rxc4 Nb6 25. Qa5 Qb8 26. Rc1 Nd7 27. g3 h5 28. h4 Bg7 29. Kg2 Bd4 30. Rc2 Nf6 31. Qa3 Kg7 32. Qd3 Qb1 33. f5 Be5 34. fxg6 fxg6 35. Qe2 Qb3 36. Ra2 Nxd5 37. Ra7+ Kf6 38. Qd2 Ke6 39. Qg5 Qd3 40. Ra8 Nf6 41. Rf8 c4 42. Rc8 c3 43. Qh6 Bd4 44. Qf4 Qd2 45. Qxd2 cxd2 46. Rc2 d5 47. Rxd2 Bc3 48. Ra2 d4 49. Be2 Ne4 50. Bd3 Kd5 51. Kf3 Nd2+ 52. Ke2 Ne4 53. Ra8 g5 54. Rd8+ Nd6 55. hxg5 Ba5 56. Rh8 Nb7 57. g6 Nc5 58. Rxh5+ Kd6 59. Rxc5 Kxc5 60. g7 1-0

[Event "December 19 Early 2023"]
[Site "https://www.chess.com"]
[Date "2023.12.19"]
[Round "11"]
[White "Terry, Renato"]
[Black "Chigaev, Maksim"]
[Result "1-0"]
[Board "4"]
[TimeControl "180+1"]
[WhiteFideId "3803457"]
[BlackFideId "4108116"]
[WhiteElo "2578"]
[BlackElo "2561"]
[WhiteTeam "PER"]
[BlackTeam "ESP"]
[WhiteClock "0:00:15"]
[BlackClock "0:00:00"]

1. d4 Nf6 2. Bg5 g6 3. Nc3 d5 4. Qd2 c6 5. Bh6 Bxh6 6. Qxh6 b5 7. e3 Nbd7 8. Nf3 b4 9. Nb1 Rb8 10. Nbd2 a5 11. Bd3 c5 12. O-O c4 13. Be2 Qc7 14. c3 Ng4 15. Qg7 Rf8 16. Qxh7 a4 17. a3 bxc3 18. bxc3 Rb7 19. Rfb1 Rb3 20. Rc1 Ngf6 21. Qh4 Qd6 22. e4 Nxe4 23. Nxe4 dxe4 24. Qxe4 Bb7 25. Qe3 Nb6 26. Ne5 Bd5 27. Rcb1 Kd8 28. Bd1 Kc7 29. Bxb3 axb3 30. a4 Ra8 31. a5 Nc8 32. Ra4 Qa6 33. Nf3 e6 34. Qf4+ Nd6 35. Ng5 Qc6 36. Rb4 Rxa5 37. Nxf7 Ra6 38. Ne5 Qe8 39. Qf6 Ra2 40. h3 g5 41. Qg7+ Kc8 42. Rb6 Qd8 43. Rb4 Qc7 44. Qf8+ Qd8 45. Rb8+ 1-0

[Event "December 19 Early 2023"]
[Site "https://www.chess.com"]
[Date "2023.12.19"]
[Round "11"]
[White "Praggnanandhaa R"]
[Black "Kamsky, Gata"]
[Result "1/2-1/2"]
[Board "5"]
[TimeControl "180+1"]
[WhiteFideId "25059530"]
[BlackFideId "2000024"]
[WhiteElo "2665"]
[BlackElo "2660"]
[WhiteTeam "IND"]
[BlackTeam "USA"]
[WhiteClock "0:00:02"]
[BlackClock "0:00:05"]

1. e4 c5 2. Nf3 Nc6 3. Nc3 e6 4. d4 cxd4 5. Nxd4 Qc7 6. Be2 a6 7. O-O b5 8. Nxc6 Qxc6 9. Bf3 Bb7 10. e5 Qc7 11. Bf4 Ne7 12. Bxb7 Qxb7 13. Qd3 Rc8 14. Rad1 Nf5 15. Ne4 Be7 16. g4 Nh4 17. Bg5 Rc4 18. Bxe7 Kxe7 19. f3 h5 20. Nd6 Rxg4+ 21. Kh1 Qc6 22. Ne4 Nxf3 23. Qd6+ Qxd6 24. exd6+ Ke8 25. Nc5 Rc4 26. Nxa6 Ne5 27. Nc7+ Kd8 28. Nxb5 Rxc2 29. Rd4 Kc8 30. Ra4 Kb7 31. Rb4 Nc6 32. Rb3 Ka6 33. Nc7+ Ka7 34. Rf4 Rc5 35. Rxf7 Rb8 36. Rxd7 Rxb3 37. axb3 Rc1+ 38. Kg2 Kb6 39. Nxe6 Rc2+ 40. Kh3 Rxb2 41. Rxg7 Rxb3+ 42. Kh4 Rd3 43. d7 Rd6 44. d8=Q+ Nxd8 45. Nxd8 Rxd8 46. Kxh5 Rh8+ 47. Kg6 Rxh2 48. Rh7 Rxh7 49. Kxh7 1/2-1/2

[Event "December 19 Early 2023"]
[Site "https://www.chess.com"]
[Date "2023.12.19"]
[Round "11"]
[White "Kovalev, Vladislav"]
[Black "Vokhidov, Shamsiddin"]
[Result "1-0"]
[Board "6"]
[TimeControl "180+1"]
[WhiteFideId "13504398"]
[BlackFideId "14204223"]
[WhiteElo "2539"]
[BlackElo "2588"]
[WhiteTeam "FID"]
[BlackTeam "UZB"]
[WhiteClock "0:00:03"]
[BlackClock "0:00:00"]

1. e4 c5 2. Nf3 d6 3. Bb5+ Nd7 4. O-O a6 5. Bd3 Ngf6 6. c3 b5 7. a4 Bb7 8. axb5 axb5 9. Rxa8 Qxa8 10. Bxb5 Bxe4 11. d4 Bc6 12. Na3 e6 13. dxc5 dxc5 14. Bxc6 Qxc6 15. Nc4 Be7 16. Nfe5 Qb7 17. Nxd7 Qxd7 18. Ne5 Qxd1 19. Rxd1 Nd5 20. c4 Nb4 21. Bd2 Bf6 22. Bxb4 cxb4 23. Nc6 O-O 24. b3 Rc8 25. Na7 Ra8 26. Rd7 Kf8 27. c5 Ke8 28. c6 Bd4 29. Rxd4 Rxa7 30. g3 Rc7 31. Rxb4 Rxc6 32. Rb7 Rc3 33. h4 h6 34. Kg2 g5 35. h5 Kf8 36. b4 Kg7 37. g4 Rb3 38. b5 Kf6 39. f3 Rb4 40. Kg3 Rb2 41. b6 Kg7 42. Rb8 Kf6 43. Kh3 Ke5 44. Kg3 f6 45. b7 Rb3 46. Rh8 Rxb7 47. Rxh6 f5 48. Rg6 f4+ 49. Kh3 1-0

[Event "December 19 Early 2023"]
[Site "https://www.chess.com"]
[Date "2023.12.19"]
[Round "11"]
[White "Boyer, Mahel"]
[Black "Movahed, Sina"]
[Result "1-0"]
[Board "7"]
[TimeControl "180+1"]
[WhiteFideId "45102422"]
[BlackFideId "42520835"]
[WhiteElo "2449"]
[BlackElo "2341"]
[WhiteTeam "FRA"]
[BlackTeam "IRI"]
[WhiteClock "0:00:29"]
[BlackClock "0:01:11"]

1. e4 c5 2. d3 Nc6 3. g3 e6 4. Bg2 d6 5. f4 Nf6 6. Nf3 Be7 7. O-O O-O 8. Nc3 a6 9. h3 b5 10. e5 Nd5 11. Ne4 dxe5 12. fxe5 Qc7 13. c4 Nb6 14. Bf4 bxc4 15. dxc4 Nxc4 16. Qc2 Nb6 17. Nf6+ Bxf6 18. exf6 e5 19. fxg7 Re8 20. Ng5 f5 21. Qxc5 Bd7 22. Be3 Rab8 23. Rac1 Rec8 24. Bd5+ Nxd5 25. Qxd5+ Kxg7 26. Qf7+ 1-0